 Dungeon Crawl Stone Soup version 0.22-b1-21-g5cfc168 (webtiles) character file.

179 Gorglomux the Caller (level 5, 0/41 HPs)
             Began as a Merfolk Summoner on Aug 5, 2018.
             Slain by an iguana (11 damage)
             ... on level 4 of the Dungeon.
             The game lasted 00:05:03 (3284 turns).

Gorglomux the Caller (Merfolk Summoner)             Turns: 3284, Time: 00:05:04

Health: 0/41       AC:  2    Str: 10    XL:     5   Next: 59%
Magic:  6/10       EV: 13    Int: 14    God:
Gold:   198        SH:  0    Dex: 14    Spells: 4/10 levels left

rFire    . . .     SeeInvis .   e - +0 halberd
rCold    . . .     Gourm    .   (shield currently unavailable)
rNeg     . . .     Faith    .   a - +0 robe
rPois    .         Spirit   .   (no helmet)
rElec    .         Reflect  .   (no cloak)
rCorr    .         Harm     .   (no gloves)
MR       .....                  (no boots)
Stlth    ++........             (no amulet)
HPRegen  0.13/turn              (no ring)
MPRegen  0.12/turn              (no ring)

@: no status effects
A: change form in water, swift swim, stealthy swim
a: no special abilities


You were on level 4 of the Dungeon.
You were very hungry.

You visited 1 branch of the dungeon, and saw 4 of its levels.

You collected 198 gold pieces.

Inventory:

Hand Weapons
 e - a +0 halberd (weapon)
Armour
 a - a +0 robe (worn)
Jewellery
 w - an uncursed ring of protection from cold {unknown}
Scrolls
 d - 6 scrolls of identify {unknown}
 g - 3 scrolls of random uselessness {unknown}
 j - a scroll of remove curse {unknown}
 l - 2 scrolls of teleportation {unknown}
 m - a scroll of fear {unknown}
 n - a scroll of enchant weapon {unknown}
 q - a scroll of enchant armour {unknown}
 s - a scroll of blinking {unknown}
 x - a scroll of noise {unknown}
Potions
 f - a potion of brilliance {unknown}
 h - a potion of flight {unknown}
 i - 2 potions of agility {unknown}
 p - a potion of invisibility {unknown}
 t - a potion of magic {unknown}
 u - 2 potions of heal wounds {unknown}
 v - a potion of berserk rage {unknown}
Comestibles
 c - 5 rations


   Skills:
 + Level 3.1 Fighting
 - Level 2.6 Dodging
 - Level 2.1 Stealth
 + Level 3.3 Spellcasting
 + Level 5.0 Summonings


You had 4 spell levels left.
You knew the following spells:

 Your Spells              Type           Power        Failure   Level  Hunger
a - Summon Small Mammal   Summ           ###.         2%          1    #......
b - Call Imp              Summ           ###.....     4%          2    ##.....
c - Call Canine Familiar  Summ           ###.....     8%          3    ###....

Your spell library contained the following spells:

 Spells                   Type           Power        Failure   Level  Hunger
 Summon Ice Beast         Ice/Summ       #.......     58%         4    #####..
 Summon Lightning Spire   Summ/Air       #.......     58%         4    #####..
 Summon Guardian Golem    Hex/Summ       #.......     22%         3    ###....


Dungeon Overview and Level Annotations

Branches:
Dungeon (4/15)
 Temple: D:4-7

Altars:

Annotations:
D:3 3 runed doors, Enish's ghost, amateur TrMo; Ymberto's ghost, amateur NaTm


Message History

The iguana bites you!
Your crimson imp hits the butt but does no damage!
You barely miss the iguana!
The iguana is lightly wounded!
The iguana bites you!!!
Your crimson imp hits the butt!
Your crimson imp hits the iguana but does no damage! x2
The iguana closely misses you!
You spit the iguana but do no damage!
The iguana is moderately wounded!
Your crimson imp barely misses the iguana!
The iguana bites you!!! * * * don't die
* * * Your crimson imp blinks!!!
Your crimson imp hits the iguana but does no damage!
You are too injured to fight recklessly!!!
You are too injured to fight recklessly!!!
Unknown butt!
Your butt imp butt-ly misses the iguana!
The iguana bites you!!! rip

##... .. #....
##.# #....# #..#
#....##..#
#...#...#
##....5.#
##...ยง.5.#
#........l.#
.........#@#
.....#####.##
.#########..#
##........###
#...........##
#............#
#...........<#
#....[...>...#
#...............


You could see an iguana and 2 friendly crimson imps.

Vanquished Creatures
  An adder (D:2)
  2 oozes
  3 worms (D:2)
  A dart slug (D:1)
  3 bats
  3 hobgoblins
  6 jackals
  2 ball pythons
  2 frilled lizards
  3 goblins
  2 kobolds (D:2)
  7 rats
35 creatures vanquished.

Vanquished Creatures (collateral kills)
  An ogre (D:4)
  An orc priest (D:3)
  4 adders
  4 gnolls
  2 orcs (D:3)
  A bat (D:2)
  3 hobgoblins
  2 jackals (D:2)
  2 quokkas
  2 frilled lizards
  3 rats (D:2)
25 creatures vanquished.

Vanquished Creatures (others)
  A withered plant (D:3)
1 creature vanquished.

Grand Total: 61 creatures vanquished

Notes
Turn   | Place    | Note
-------+----------+-------------------------------------------
     0 | D:1      | Gorglomux the Merfolk Summoner began the quest for the Orb.
     0 | D:1      | Reached XP level 1. HP: 13/13 MP: 3/3
   294 | D:1      | Reached XP level 2. HP: 20/20 MP: 5/5
   346 | D:1      | Reached skill level 1 in Fighting
   980 | D:2      | Reached XP level 3. HP: 5/26 MP: 4/6
  1130 | D:2      | Learned a level 2 spell: Call Imp
  1538 | D:2      | Reached XP level 4. HP: 28/33 MP: 6/8
  2016 | D:2      | Reached skill level 3 in Spellcasting
  2099 | D:3      | Learned a level 3 spell: Call Canine Familiar
  2287 | D:3      | Reached XP level 5. HP: 23/39 MP: 9/9
  3002 | D:3      | Found a runed gate.
  3002 | D:3      | Found a runed gate.
  3003 | D:3      | Found a runed gate.
  3004 | D:3      | Noticed Ymberto's ghost (amateur NaTm)
  3005 | D:3      | Noticed Enish's ghost (amateur TrMo)
  3178 | D:4      | Noticed an ogre
  3201 | D:4      | Killed an ogre
  3201 | D:4      | Reached skill level 3 in Fighting
  3201 | D:4      | Reached skill level 5 in Summonings
  3284 | D:4      | Slain by an iguana

Skill      XL: |  1  2  3  4  5 |
---------------+----------------+-----
Fighting       | 1 2 3 |  3.1
Spellcasting   | 3 |  3.3
Summonings     | 5 |  5.0
Dodging        | |  2.6
Stealth        | |  2.1

Action                   |  1- 3 |  4- 6 || total
-------------------------+-------+-------++-------
Melee: Halberd           |    74 |   101 ||   175
 Cast: Summon Small Mamm |    28 |     6 ||    34
       Call Imp          |     3 |    23 ||    26
       Call Canine Famil |       |     2 ||     2
 Stab: Sleeping          |     3 |     2 ||     5
  Eat: Chunk             |     3 |     6 ||     9
Armor: Robe              |    17 |    17 ||    34
Dodge: Dodged            |    59 |    95 ||   154
